[Event "Gibraltar Challengers B 2019"]
[Site "Caleta"]
[Date "2019.01.27"]
[Round "2"]
[White "Bengherabi, Khalil"]
[Black "Probst, Alexander"]
[Result "1/2-1/2"]
[ECO "C47"]
[WhiteElo "2150"]
[BlackElo "1976"]
[Annotator "NA"]
[PlyCount "105"]
[EventDate "2019.01.18"]
[EventType "swiss"]
[EventCountry "GGB"]
[SourceTitle "playchess.com"]
[Source "ChessBase"]
[SourceQuality "1"]
[TimeControl "6600+10"]

1. e4 e5 2. Nf3 Nf6 3. Nc3 Nc6 4. d4 exd4 5. Nxd4 Bb4 6. Nxc6 bxc6 7. Bd3 d5 8. exd5 cxd5 9. O-O O-O 10. Bg5 c6 11. Qf3 Be7 12. h3 Be6 13. Ne2 Nd7 {[%emt 0:04:53] LiveBook: 3 Games C47: Scotch Four Knights and Four Knights with 4 g3} 14. Bxe7 Qxe7 15. Rfe1 Qf6 16. Qxf6 Nxf6 17. Nd4 Bd7 {[%emt 0:01:08] [#]} 18. Bf5 $146 ({Predecessor:} 18. Nb3 Rae8 19. Kf1 Rxe1+ 20. Rxe1 Re8 {½-½ (59) Lintchevski,D (2554)-Amirkhanov,R (2293) Kazan 2015}) 18... Rab8 19. Bxd7 Nxd7 {[%emt 0:00:33] [#]} 20. Re7 $1 Nf6 21. b3 ({Don't play} 21. Nxc6 Rxb2 22. Rxa7 Rxc2 $14) 21... c5 22. Nc6 Rb6 23. Nxa7 Ra8 24. a4 c4 25. Rb1 Kf8 26. Rc7 Ne8 27. Rc6 Rxc6 28. Nxc6 Nf6 29. a5 Ra6 30. Ne5 cxb3 31. Rxb3 Rxa5 32. Rb7 $1 d4 33. f4 Rc5 34. Rxf7+ Kg8 35. Rb7 h5 36. Rb2 Nd5 37. Nd3 Rc4 38. Ra2 Ne3 39. Ne1 Nd5 40. Kf2 Nxf4 41. Kf3 g5 42. Ke4 d3+ 43. Ke3 dxc2 44. Rxc2 Rxc2 45. Nxc2 Nxg2+ 46. Ke4 Kg7 47. Kf3 Nh4+ 48. Ke4 Kf6 49. Ne3 Ng6 50. Nd5+ Ke6 51. Nc7+ Kf6 52. Nd5+ $11 Ke6 53. Nc7+ {[%emt 0:00:04] Ke5+ [%emt 00:00:12]} 1/2-1/2

[Event "Gibraltar Challengers B 2019"]
[Site "Caleta"]
[Date "2019.01.27"]
[Round "2"]
[White "Haase, Pavel"]
[Black "Fegan, Chris"]
[Result "1/2-1/2"]
[ECO "A05"]
[WhiteElo "2141"]
[BlackElo "2024"]
[Annotator "NA"]
[PlyCount "32"]
[EventDate "2019.01.18"]
[EventType "swiss"]
[EventCountry "GGB"]
[SourceTitle "playchess.com"]
[Source "ChessBase"]
[SourceQuality "1"]
[TimeControl "6600+10"]

1. Nf3 Nf6 2. b3 g6 3. Bb2 Bg7 4. e4 O-O 5. e5 Nd5 6. c4 Nb4 7. Bc3 c5 8. d4 d6 9. a3 N4c6 10. exd6 (10. d5 $15 Nxe5 11. Nxe5 dxe5 12. Be2) 10... cxd4 11. Nxd4 Qxd6 12. Nb5 $17 Qxd1+ 13. Kxd1 Rd8+ 14. Ke1 Na6 15. Bxg7 Kxg7 16. b4 Bf5 1/2-1/2

[Event "Gibraltar Challengers B 2019"]
[Site "Caleta"]
[Date "2019.01.27"]
[Round "2"]
[White "Ramasindraibe, Girard"]
[Black "Adebajo, Olufemi"]
[Result "1-0"]
[ECO "B07"]
[WhiteElo "2129"]
[BlackElo "1915"]
[Annotator "NA"]
[PlyCount "82"]
[EventDate "2019.01.18"]
[EventType "swiss"]
[EventCountry "GGB"]
[SourceTitle "playchess.com"]
[Source "ChessBase"]
[SourceQuality "1"]
[TimeControl "6600+10"]

1. e4 d6 2. d4 Nf6 3. Nc3 c6 4. f4 b5 {[%emt 0:00:55] B07: Pirc Defence: Miscellaneous Systems} (4... Qa5 5. Bd3 e5 6. Nf3 Bg4 7. Be3 Nbd7 8. O-O Be7 9. h3 Bxf3 10. Qxf3 O-O 11. Ne2 Bd8 12. c3 b5 13. a3 Qa4 14. Rad1 Qb3 15. Rd2 Nb6 16. dxe5 dxe5 17. fxe5 Nfd7 18. Nd4 Qa4 19. Nxc6 {1-0 (47) Karjakin,S (2753)-Petrosian,T (2598) St Petersburg 2018}) 5. a3 Qa5 6. Bd2 Qb6 7. Nf3 Bg4 8. e5 $146 ({Predecessor:} 8. Be3 e6 9. Qd3 Bxf3 10. gxf3 d5 11. Bh3 Na6 12. O-O {0-1 (81) Sie,T (2148)-Pang,Y (1963) Baku 2016}) 8... dxe5 9. dxe5 Nfd7 (9... Nd5 $16) 10. h3 Be6 11. Ng5 Na6 12. Nxe6 fxe6 13. Qf3 O-O-O 14. Ne4 h6 15. h4 Nc7 16. Be3 Qb7 17. a4 b4 18. a5 Nd5 19. Bc5 g6 20. c4 (20. g3 $142) 20... bxc3 21. bxc3 Bg7 22. Bd3 Nxc3 23. O-O $2 (23. Bxe7 $18 Bxe5 24. Rc1 (24. Bxd8 Nxe4 25. Rb1 Bc3+ 26. Kd1 Rxd8 $18)) 23... Nxe4 24. Bxe4 Nxc5 25. Bxc6 Qb3 26. Qf2 Nd3 $2 (26... Qb4 $16) 27. Qxa7 Qb8 28. Qxe7 Bf8 29. Qxe6+ Kc7 30. Be4 Bc5+ 31. Kh2 Qb5 32. Rab1 Nb4 33. Rfc1 Kb8 34. Qc4 Qxc4 35. Rxc4 Be7 36. Rbxb4+ Bxb4 37. Rxb4+ Ka7 38. Bxg6 Rhg8 39. h5 Ka6 40. e6 $18 Kxa5 41. Re4 Rh8 1-0

[Event "Gibraltar Challengers B 2019"]
[Site "Caleta"]
[Date "2019.01.27"]
[Round "2"]
[White "Jordan Martinez, David"]
[Black "Garcia Rodriguez, Inaki"]
[Result "1-0"]
[ECO "C43"]
[WhiteElo "2125"]
[BlackElo "1931"]
[Annotator "NA"]
[PlyCount "35"]
[EventDate "2019.01.18"]
[EventType "swiss"]
[EventCountry "GGB"]
[SourceTitle "playchess.com"]
[Source "ChessBase"]
[SourceQuality "1"]
[TimeControl "6600+10"]

1. e4 e5 2. Nf3 Nf6 3. d4 Nxe4 4. Bd3 d5 5. Nxe5 Bd6 6. O-O O-O 7. c4 c6 8. cxd5 cxd5 9. Nc3 Nxc3 10. bxc3 Bxe5 11. dxe5 Qc7 12. Re1 ({White should play} 12. Ba3 $16) 12... Re8 13. Qh5 g6 14. Qh6 Nd7 15. Bg5 Rxe5 16. f4 Rxe1+ 17. Rxe1 Nf8 (17... Qc5+ $16 18. Kh1 Qf8) 18. Qxf8+ 1-0

[Event "Gibraltar Challengers B 2019"]
[Site "Caleta"]
[Date "2019.01.27"]
[Round "2"]
[White "Severijnen, Arjon"]
[Black "Villar Reymundo, Juan Antonio"]
[Result "1/2-1/2"]
[ECO "B56"]
[WhiteElo "2120"]
[BlackElo "2237"]
[Annotator "NA"]
[PlyCount "205"]
[EventDate "2019.01.18"]
[EventType "swiss"]
[EventCountry "GGB"]
[SourceTitle "playchess.com"]
[Source "ChessBase"]
[SourceQuality "1"]
[TimeControl "6600+10"]

1. e4 c5 2. Nf3 Nc6 3. d4 cxd4 4. Nxd4 Nf6 5. Nc3 d6 6. g3 e5 {[%emt 0:02:52] LiveBook: 86 Games} 7. Nde2 Be6 8. Bg2 Be7 9. O-O O-O 10. a4 {[%emt 0:04:30] B56: Classical Sicilian: Unusual Lines} (10. h3 Rc8 11. g4 h6 12. Ng3 a6 13. Nf5 b5 14. Nd5 Bxf5 15. Nxe7+ Qxe7 16. exf5 d5 17. c3 e4 18. Bf4 {0-1 (42) Fontaine,R (2563)-Gupta,A (2610) chess.com INT 2018}) 10... h6 $146 (10... Nb4 $11) ({Predecessor:} 10... Rc8 11. Nd5 Bxd5 12. exd5 Nb4 13. c3 Na6 14. a5 Nc5 15. h3 b6 {½-½ (44) Hafensteiner,T (1689)-Hennemann,F (1505) Bad Homburg 2015}) 11. h3 (11. Nd5 $14) 11... Nb4 12. b3 d5 13. exd5 Nbxd5 14. Bb2 Nxc3 15. Nxc3 Qc8 16. Kh2 Bc5 17. Ne2 Rd8 18. Qe1 Bd6 19. c4 Bd7 20. Nc3 Bc6 21. Nd5 Bxd5 22. cxd5 Qf5 23. Qe3 Qg5 24. Qe2 Rd7 25. Rac1 h5 26. Rc4 Re8 27. Rd1 Rde7 28. a5 a6 29. Bc3 (29. Qe3 $11 {remains equal.} Qxe3 30. fxe3) 29... g6 (29... e4 $17 30. Qe3 Qxe3 31. fxe3 h4) 30. Bb4 Rd7 31. Bc3 Rde7 32. Kg1 Nd7 (32... e4 $11) 33. Bd2 Qf6 34. Bb4 Rd8 35. h4 Bxb4 36. Rxb4 Nc5 $1 $11 {[%emt 0:00:35] and Black has nothing to worry.} 37. Qc4 (37. Rc1 $18 Nd7 38. Rxb7) 37... Rc7 38. Qe2 Rd6 $2 39. Rc1 (39. Rc4 $142) 39... Ne6 40. Re1 Nd4 41. Qxe5 Qxe5 42. Rxe5 Nb5 43. Rc4 Kf8 44. Re1 Rd8 (44... Rcd7 $16 {might work better.}) 45. Rec1 Re7 46. Rc8 ({White should try} 46. Kf1 $14) 46... Re1+ 47. Kh2 Ree8 48. Rxd8 Rxd8 49. d6 Nxd6 (49... Rd7 $16 {was called for.}) 50. Rc7 Rb8 51. Rd7 Nb5 52. Bxb7 Nd4 53. Bd5 Nxb3 54. Rxf7+ Ke8 55. Bxb3 Rxb3 56. Rf6 Ra3 57. Rxa6 Kf7 58. Kg2 Kg7 59. Ra8 Kh7 60. a6 Kg7 61. a7 Kh7 62. Kf1 Ra2 63. Ke1 Kg7 64. Kd1 Kh7 65. Kc1 Kg7 66. Kb1 Ra4 67. Kb2 Kh7 68. Kb3 Ra1 69. Kc4 Kg7 70. Kd5 Rd1+ 71. Ke5 Re1+ 72. Kf4 Ra1 73. Ke3 Ra3+ 74. Kd4 Ra1 75. f4 Rd1+ 76. Ke3 Re1+ 77. Kf2 Ra1 78. f5 gxf5 79. Kf3 Ra4 80. Ke3 Kh7 (80... Ra3+ {was necessary.} 81. Kf4 Ra5) 81. Rf8 $2 (81. Kd3 $18) 81... Rxa7 82. Rxf5 Kg6 83. Rg5+ Kh6 84. Rb5 Ra4 85. Rb6+ Kh7 86. Rd6 Rg4 87. Kf3 Ra4 88. Re6 Rb4 89. Re4 Rb5 $11 90. Kf4 Rb3 91. Re3 Rb8 92. Kf5 Rb5+ 93. Re5 Rb3 94. Kf4 Rb4+ 95. Re4 Rb3 96. Re3 Rb5 97. Re5 Rb4+ 98. Kf5 Rg4 99. Re3 Kh6 100. Rd3 Kh7 101. Rd7+ Kh6 102. Rd6+ Kh7 103. Rd7+ 1/2-1/2

[Event "Gibraltar Challengers B 2019"]
[Site "Caleta"]
[Date "2019.01.27"]
[Round "2"]
[White "Verneuil, Pascal"]
[Black "Longa Yauca, Javier"]
[Result "1-0"]
[ECO "C02"]
[WhiteElo "2114"]
[BlackElo "2226"]
[Annotator "ChessBase"]
[PlyCount "129"]
[EventDate "2019.01.18"]
[EventType "swiss"]
[EventCountry "GGB"]
[SourceTitle "playchess.com"]
[Source "ChessBase"]
[SourceQuality "1"]
[TimeControl "6600+10"]

1. e4 e6 2. d4 d5 3. e5 c5 4. Nf3 Nc6 5. Bd3 cxd4 6. O-O Nge7 7. Bf4 Ng6 8. Bg3 Qb6 9. Nbd2 Bd7 10. c4 dxc3 11. bxc3 Na5 12. Rb1 Qc7 13. Qe2 Rc8 14. Rfc1 Ba3 15. Rc2 O-O 16. c4 Ba4 17. Rc3 Be7 18. Nd4 Rfd8 19. c5 Bxc5 20. Qg4 Nc4 21. Bxg6 hxg6 22. N2f3 Qa5 23. Ne2 Nb6 24. h4 Bb5 25. Rxc5 Rxc5 26. Ned4 Rdc8 27. Bf4 Bd3 28. Re1 Rc4 29. Bd2 Qa4 30. Be3 Nd7 31. h5 gxh5 32. Qxh5 Bg6 33. Qg5 Nf8 34. Kh2 Nh7 35. Qe7 Qb4 36. Qh4 Be4 37. Rh1 Rxd4 38. Nxd4 Rc4 39. f3 Rxd4 40. Bxd4 Qxd4 41. Qf4 Qf2 42. Rc1 Bc2 43. Qb4 d4 44. Qc5 Qh4+ 45. Kg1 d3 46. Qc8+ Nf8 47. Qc3 Qf4 48. Ra1 Qe3+ 49. Kh2 Ng6 50. Qc8+ Kh7 51. Rh1 Kh6 52. Qd8 Nxe5 53. Kg3+ Kg6 54. Qh8 Qg5+ 55. Kf2 Qd2+ 56. Kg3 Qg5+ 57. Kf2 f6 58. Rh7 Kf7 59. Qc8 Nc6 60. Rh8 Qc5+ 61. Kf1 Qe7 62. Qg8+ Kg6 63. Qh7+ Kf7 64. Qh5+ g6 65. Qh7# 1-0

[Event "Gibraltar Challengers B 2019"]
[Site "Caleta"]
[Date "2019.01.27"]
[Round "2"]
[White "Bub, Volker"]
[Black "Abdulraheem Abdulrahman Akint"]
[Result "1/2-1/2"]
[ECO "C54"]
[WhiteElo "2108"]
[BlackElo "2224"]
[Annotator "ChessBase"]
[PlyCount "127"]
[EventDate "2019.01.18"]
[EventType "swiss"]
[EventCountry "GGB"]
[SourceTitle "playchess.com"]
[Source "ChessBase"]
[SourceQuality "1"]
[TimeControl "6600+10"]

1. e4 e5 2. Bc4 Nc6 3. Nf3 Bc5 4. c3 Nf6 5. d3 d6 6. Bb3 a6 7. h3 h6 8. Nbd2 Ba7 9. Nf1 Nh5 10. g3 O-O 11. Be3 Be6 12. Bxa7 Rxa7 13. Ne3 Nf6 14. Nh4 Bxb3 15. axb3 d5 16. Qf3 dxe4 17. dxe4 Qd3 18. Nhf5 Qxe4 19. Nxh6+ gxh6 20. Qxf6 Qxh1+ 21. Ke2 Qe4 22. Ra4 Nd4+ 23. cxd4 b5 24. Kf1 Qg6 25. Qxg6+ fxg6 26. Rb4 exd4 27. Rxd4 Raa8 28. Ng4 Rad8 29. Re4 h5 30. Ne5 Kg7 31. Ke2 Rd6 32. f4 Rfd8 33. Nf3 R8d7 34. b4 Rc6 35. Nd4 Rc4 36. Ke3 Kf7 37. g4 hxg4 38. hxg4 Re7 39. Rxe7+ Kxe7 40. b3 Rc1 41. Ke4 Kd6 42. f5 Re1+ 43. Kf4 Rf1+ 44. Ke4 gxf5+ 45. gxf5 c5 46. bxc5+ Kxc5 47. Nf3 Rh1 48. Ke5 Rh8 49. f6 Rf8 50. Ng5 Kb4 51. Ne6 Rf7 52. Ng5 Rxf6 53. Kxf6 Kxb3 54. Ne4 a5 55. Ke5 a4 56. Kd4 a3 57. Nc5+ Kc2 58. Nd3 Kb3 59. Nc5+ Kb2 60. Nd3+ Kb1 61. Nb4 Kb2 62. Kc5 a2 63. Nxa2 Kxa2 64. Kxb5 1/2-1/2

[Event "Gibraltar Challengers B 2019"]
[Site "Caleta"]
[Date "2019.01.27"]
[Round "2"]
[White "Diaz Mino, Pablo"]
[Black "Maisuradze, Nino"]
[Result "1-0"]
[ECO "A79"]
[WhiteElo "2085"]
[BlackElo "2215"]
[Annotator "ChessBase"]
[PlyCount "151"]
[EventDate "2019.01.18"]
[EventType "swiss"]
[EventCountry "GGB"]
[SourceTitle "playchess.com"]
[Source "ChessBase"]
[SourceQuality "1"]
[TimeControl "6600+10"]

1. d4 Nf6 2. c4 e6 3. Nf3 c5 4. d5 exd5 5. cxd5 d6 6. Nc3 g6 7. e4 Bg7 8. Be2 O-O 9. O-O Re8 10. Nd2 Na6 11. f3 Nc7 12. a4 b6 13. Nc4 Ba6 14. Bg5 Bxc4 15. Bxc4 a6 16. Qd3 h6 17. Be3 Nd7 18. Qd2 Kh7 19. Rab1 Rb8 20. Be2 Qe7 21. Rfd1 f5 22. Bf4 Bd4+ 23. Be3 Bxe3+ 24. Qxe3 Nf6 25. Qf4 fxe4 26. fxe4 Qe5 27. Rf1 Kg7 28. Qxe5 Rxe5 29. Bd3 b5 30. axb5 axb5 31. Ra1 Rb7 32. Rfe1 b4 33. Ne2 Nxe4 34. Nf4 Nf6 35. Rxe5 dxe5 36. Ne6+ Nxe6 37. dxe6 e4 38. Bc4 Rc7 39. h3 h5 40. Kf2 Kf8 41. Ke3 Ke7 42. Ra6 g5 43. Ra8 h4 44. Ra6 Ne8 45. Kxe4 Nd6+ 46. Kd5 Nf5 47. Ke4 Nd4 48. Ra8 Nxe6 49. Rg8 Nd4 50. Rxg5 Kf6 51. Rh5 Re7+ 52. Kd5 Nf5 53. Kxc5 Rc7+ 54. Kxb4 Ne3 55. Rxh4 Nxg2 56. Rh6+ Kg5 57. Rh8 Ne3 58. h4+ Kf6 59. b3 Kg7 60. Re8 Nf5 61. Rg8+ Kh7 62. Rg5 Ng7 63. Bd3+ Kh8 64. Rc5 Rxc5 65. Kxc5 Ne6+ 66. Kd6 Nd4 67. b4 Kg7 68. Kd5 Nb3 69. b5 Na5 70. Be4 Nb7 71. Kc6 Na5+ 72. Kc5 Nb3+ 73. Kb4 Nd4 74. b6 Ne6 75. b7 Nc7 76. Ka5 1-0

[Event "Gibraltar Challengers B 2019"]
[Site "Caleta"]
[Date "2019.01.27"]
[Round "2"]
[White "Broekman, Willem"]
[Black "Rodriguez Perez, Angel Mariano"]
[Result "1/2-1/2"]
[ECO "E81"]
[WhiteElo "2071"]
[BlackElo "2204"]
[Annotator "NA"]
[PlyCount "127"]
[EventDate "2019.01.18"]
[EventType "swiss"]
[EventCountry "GGB"]
[SourceTitle "playchess.com"]
[Source "ChessBase"]
[SourceQuality "1"]
[TimeControl "6600+10"]

1. d4 g6 2. c4 Bg7 3. e4 d6 4. Nc3 Nf6 5. f3 O-O 6. Be3 c6 7. Qd2 a6 8. Bd3 {[%emt 0:04:05] LiveBook: 71 Games} b5 9. cxb5 {[%emt 0:02:52] E81: King's Indian: Sämisch: 6th move deviations (including 6 Be3 c6)} (9. Nge2 Nbd7 10. Rd1 Bb7 11. O-O bxc4 12. Bxc4 a5 13. Na4 Ba6 14. Bxa6 Rxa6 15. Rc1 Qa8 16. b3 Nb6 17. Nec3 Ne8 {0-1 (66) Gagunashvili,M (2588)-Jojua,D (2575) Tbilisi 2017}) 9... cxb5 10. Rc1 Bb7 11. Nge2 Nbd7 12. O-O Nb6 $146 ({Predecessor:} 12... Rc8 13. Bb1 Nb6 14. b3 Nfd7 15. Nf4 e6 16. Rfd1 Qe7 17. Nd3 Rfd8 18. a4 {½-½ (18) Ploetz,J-Schulz,P Schwabstedt 1994}) 13. b3 Rc8 14. Kh1 Nfd7 15. Rfd1 e6 16. Bh6 f5 $2 {[%emt 0:01:56] [#]} (16... Bxh6 $11 17. Qxh6 Qe7) 17. Bxg7 $1 Kxg7 18. exf5 $2 (18. Nf4 $18 Qf6 19. d5) 18... exf5 19. Nf4 Qf6 20. Re1 Rfe8 21. Rxe8 Rxe8 22. Re1 Qf7 23. Rxe8 Qxe8 24. Kg1 Kf6 (24... Nf6 $11) 25. Kf2 g5 26. Nfe2 Nf8 27. Ng3 Bc8 28. Nge4+ fxe4 29. Nxe4+ Kg7 30. Qxg5+ Qg6 31. Qe7+ Qf7 32. Qg5+ Ng6 33. Nxd6 Qf4 34. Ne8+ Kf8 35. Qd8 Qh4+ 36. Qxh4 Nxh4 37. Nd6 Ng6 38. a4 bxa4 39. bxa4 a5 $1 40. Ke3 Ke7 41. Nxc8+ Nxc8 42. g3 Ke6 43. h4 Nb6 44. h5 Nd5+ 45. Kd2 Nf8 46. Bc4 Nd7 47. g4 N7b6 48. Bb3 Kf6 49. Kd3 Kg5 50. Ke4 Nc3+ 51. Ke5 Ncxa4 52. d5 $2 {[%emt 0:02:58] [#]} (52. Be6 $1 $11 {and White is okay.} Nb2 53. f4+ Kh4 54. f5 N2c4+ 55. Bxc4 Nxc4+ 56. Ke6) 52... Nc5 $1 53. Ba2 a4 54. d6 Nbd7+ ({Black should try} 54... a3 $19 55. Kd4 Nb7) 55. Kd4 Kf4 56. Kc4 {[%emt 0:00:37] [#]} h6 ({Stronger than} 56... Kxf3 57. g5 $11) (56... Nb7 $1 $19 {and Black stays clearly on top.} 57. h6 Nxd6+ 58. Kb4 Nf8) 57. Kb4 Kxf3 $2 {[%emt 0:05:36] [#]} (57... Nb7 $19 58. Be6 Nf8) 58. g5 $1 hxg5 59. h6 Nd3+ 60. Kxa4 N3e5 61. h7 Ng6 $11 62. Kb5 g4 63. Be6 Nf6 64. d7 1/2-1/2

[Event "Gibraltar Challengers B 2019"]
[Site "Caleta"]
[Date "2019.01.27"]
[Round "2"]
[White "Ungureanu, Sandu"]
[Black "Obiamiwe, Paul"]
[Result "1/2-1/2"]
[ECO "E77"]
[WhiteElo "2057"]
[BlackElo "1903"]
[Annotator "NA"]
[PlyCount "70"]
[EventDate "2019.01.18"]
[EventType "swiss"]
[EventCountry "GGB"]
[SourceTitle "playchess.com"]
[Source "ChessBase"]
[SourceQuality "1"]
[TimeControl "6600+10"]

1. d4 Nf6 2. c4 g6 3. Nc3 Bg7 4. e4 d6 5. f4 O-O 6. Nf3 c5 7. d5 e6 8. Be2 exd5 9. exd5 Re8 10. O-O Bf5 11. Bd3 Ne4 12. Nxe4 {[%emt 0:02:15] E77: King's Indian: Four Pawns Attack: 6 Be2 incl 6...c5 7 d5 e6 8 Nf3, but not Benoni} Bxe4 13. Re1 $146 ({Predecessor:} 13. Bxe4 Rxe4 14. Qd3 Qe7 15. f5 Nd7 16. fxg6 hxg6 17. Bg5 f6 18. Rae1 Re8 19. Bh4 Bh6 {1-0 (34) Mazurek,R (2152)-Lubbe,M (2286) Germany 2018}) 13... Bxf3 14. Rxe8+ Qxe8 15. Qxf3 Qe1+ 16. Qf1 Bd4+ 17. Kh1 Qxf1+ 18. Bxf1 Nd7 19. Rb1 Re8 20. Bd2 Nf6 21. g3 Ne4 22. Be1 Nf2+ 23. Kg2 Ng4 24. Bd2 Ne3+ 25. Kf3 Nxf1 26. Rxf1 f5 27. b3 Kf7 28. h3 h5 29. Re1 Rxe1 30. Bxe1 Kf6 31. b4 Ke7 32. b5 $11 Bf6 33. a4 Kd7 34. g4 Kc7 35. gxh5 gxh5 {[%emt 0:00:03] Ke4 [%emt 00:00:41]} 1/2-1/2

[Event "Gibraltar Challengers B 2019"]
[Site "Caleta"]
[Date "2019.01.27"]
[Round "2"]
[White "Kozarcanin, Sead"]
[Black "Pereira Lopez, Aketza"]
[Result "1-0"]
[ECO "A01"]
[WhiteElo "2048"]
[BlackElo "1861"]
[Annotator "NA"]
[PlyCount "51"]
[EventDate "2019.01.18"]
[EventType "swiss"]
[EventCountry "GGB"]
[SourceTitle "playchess.com"]
[Source "ChessBase"]
[SourceQuality "1"]
[TimeControl "6600+10"]

1. b3 e5 2. Bb2 Nc6 3. e3 d5 4. Bb5 Bd6 5. f4 {[%emt 0:00:34] LiveBook: 151 Games} f6 6. Ne2 {[%emt 0:09:36] A01: Nimzowitsch-Larsen Opening} (6. fxe5 fxe5 7. Bxc6+ bxc6 8. Bxe5 Qh4+ 9. g3 Qe4 10. Bxg7 Qxh1 11. Qh5+ Ke7 12. Kf2 Be6 13. Nf3 Nf6 14. Bxf6+ Kxf6 {0-1 (63) Nielsen,P (2654)-Anton Guijarro,D (2634) Berlin 2015}) 6... Nge7 7. O-O O-O 8. c4 a6 $146 ({Predecessor:} 8... d4 9. exd4 exd4 10. Bxc6 Nxc6 11. Ng3 Re8 12. d3 Qe7 {0-1 (27) Framberk,J (2008)-Walek,P (1761) Kouty nad Desnou 2012}) 9. Bxc6 bxc6 10. c5 Bxc5 11. fxe5 fxe5 12. Bxe5 Rxf1+ 13. Qxf1 Nf5 14. Qf4 Qe7 15. Ng3 (15. Nd4 $11) 15... Nxg3 16. Qxg3 Bd6 17. Bxd6 cxd6 18. Nc3 Bf5 19. Rf1 g6 20. Rxf5 Kh8 21. Qg5 Qg7 22. Rf4 h6 23. Qf6 g5 24. Rf2 Re8 25. Qxd6 $18 Kh7 26. Qxc6 1-0

[Event "Gibraltar Challengers B 2019"]
[Site "Caleta"]
[Date "2019.01.27"]
[Round "2"]
[White "Dasaolu, Rotimi"]
[Black "Teh, Wee Zhun"]
[Result "0-1"]
[ECO "D11"]
[WhiteElo "2038"]
[BlackElo "1818"]
[Annotator "NA"]
[PlyCount "99"]
[EventDate "2019.01.18"]
[EventType "swiss"]
[EventCountry "GGB"]
[SourceTitle "playchess.com"]
[Source "ChessBase"]
[SourceQuality "1"]
[TimeControl "6600+10"]

1. Nf3 d5 2. c4 c6 3. Qc2 Nf6 4. d4 dxc4 5. a4 Na6 6. Nbd2 (6. Bd2 $11 {keeps the balance.}) 6... Nb4 7. Qxc4 $2 (7. Qb1 $17) 7... a5 8. e4 Bg4 9. Bd3 Nxd3+ 10. Qxd3 e6 11. O-O Bxf3 12. Nxf3 Be7 13. Rd1 O-O 14. h3 h6 15. Bf4 Re8 16. Qc2 Qb6 17. Rac1 Rad8 18. Be3 Qa6 19. Ne5 Bb4 20. g4 Nd7 21. f4 Nxe5 22. dxe5 Rxd1+ 23. Rxd1 b5 24. Qd3 Qb7 25. b3 bxa4 26. bxa4 c5 27. Qc4 Qc6 28. Kg2 Qxa4 29. Rd6 Qa3 30. Rd3 Qb2+ 31. Kf3 Qb1 32. Rd7 Qh1+ 33. Ke2 Qg2+ 34. Bf2 Qxh3 35. f5 Qxg4+ 36. Kf1 Qh3+ $19 37. Ke2 Rf8 38. f6 Qh5+ 39. Kf1 Qxe5 40. fxg7 Kxg7 41. Rd3 Kh7 42. Rh3 Qa1+ 43. Ke2 Qb2+ 44. Kf1 Qb1+ 45. Ke2 Rg8 46. Be3 Rg2+ 47. Kf3 Rg6 48. Qe2 f5 49. Bf4 Qb3+ 50. Be3 0-1

[Event "Gibraltar Challengers B 2019"]
[Site "Caleta"]
[Date "2019.01.27"]
[Round "2"]
[White "Cramling Bellon, Anna"]
[Black "Livesey, R Nigel"]
[Result "1-0"]
[ECO "A90"]
[WhiteElo "2025"]
[BlackElo "1797"]
[Annotator "NA"]
[PlyCount "89"]
[EventDate "2019.01.18"]
[EventType "swiss"]
[EventCountry "GGB"]
[SourceTitle "playchess.com"]
[Source "ChessBase"]
[SourceQuality "1"]
[TimeControl "6600+10"]

1. d4 e6 2. c4 f5 3. Nf3 Nf6 4. g3 d5 5. Bg2 c6 6. Qc2 {[%emt 0:03:06] LiveBook: 233 Games} Bd6 7. O-O O-O 8. b3 Qe7 9. Nc3 {[%emt 0:05:16] A90: Dutch Defence: Miscellaneous and Modern Stonewall (with ...Bd6)} Bd7 (9... Ne4 10. Ne5 Nd7 11. Nxe4 fxe4 12. Bf4 Nxe5 13. dxe5 Bc5 14. Rac1 b6 15. cxd5 cxd5 16. Qd2 h6 {1-0 (95) Onischuk,A (2662)-Radjabov,T (2738) Berlin 2015}) 10. Bg5 h6 11. Bf4 Bxf4 12. gxf4 Ne4 $146 ({Predecessor:} 12... Be8 13. e3 Ne4 14. Rac1 Nd7 15. cxd5 exd5 16. Ne5 Nxe5 17. dxe5 Nxc3 18. Qxc3 {½-½ (51) Farago,S (2320)-Sugar,K (2220) Budapest 1986}) 13. Ne5 Be8 14. Nxe4 fxe4 15. e3 Bh5 16. f3 exf3 17. Bxf3 Bxf3 18. Rxf3 Qe8 19. Rg3 Nd7 20. Qg2 Nxe5 21. Rxg7+ {[%emt 0:00:17] Double Attack} ({Don't take} 21. fxe5 Rf7 $14) 21... Kh8 22. fxe5 Rg8 23. Rxg8+ Qxg8 24. Qxg8+ Rxg8+ 25. Kf2 Rf8+ 26. Ke2 Rg8 27. Rf1 Rg2+ 28. Rf2 Rg1 29. cxd5 cxd5 30. Rf6 Rg2+ 31. Kf3 Rxh2 32. Rxe6 Rxa2 33. Rxh6+ Kg7 34. Rd6 Ra5 35. Rd7+ Kf8 36. Rxb7 Ke8 37. e4 dxe4+ 38. Kxe4 Ra1 39. d5 Re1+ 40. Kf5 Rh1 41. d6 Rh5+ 42. Ke6 Rh6+ 43. Kd5 Rh1 44. Rxa7 Rb1 45. Ke6 1-0

[Event "Gibraltar Challengers B 2019"]
[Site "Caleta"]
[Date "2019.01.27"]
[Round "2"]
[White "Kakulidis, Ellen"]
[Black "Diaz Mino, Daniel"]
[Result "1-0"]
[ECO "B07"]
[WhiteElo "2021"]
[BlackElo "1769"]
[Annotator "NA"]
[PlyCount "69"]
[EventDate "2019.01.18"]
[EventType "swiss"]
[EventCountry "GGB"]
[SourceTitle "playchess.com"]
[Source "ChessBase"]
[SourceQuality "1"]
[TimeControl "6600+10"]

1. d4 Nf6 2. g3 g6 3. Bg2 Bg7 4. e4 d6 {[%emt 0:00:06] LiveBook: 1331 Games} 5. Nc3 O-O 6. Nge2 Nbd7 7. h3 c5 8. Be3 c4 $146 {[%emt 0:01:17] B07: Pirc Defence: Miscellaneous Systems} ({Predecessor:} 8... cxd4 9. Bxd4 a6 10. O-O Rb8 11. Ba7 Ra8 12. Bd4 Rb8 13. Ba7 Ra8 14. Bd4 Rb8 15. Ba7 Ra8 16. Bd4 Rb8 17. Ba7 {½-½ (17) Danin,A (2575)-Shimanov,A (2606) Kazan 2015}) 9. O-O Rb8 10. a4 b6 11. Qd2 Re8 12. g4 h5 (12... Bb7 $16 {was worth a try.} 13. Ng3 Rf8) 13. g5 Nh7 14. f4 e6 15. Nb5 Bf8 16. Nxa7 Bb7 17. Nb5 d5 18. Nec3 Bb4 19. Qf2 dxe4 20. Nxe4 Ba6 21. c3 Bxb5 22. axb5 Be7 23. Nd2 f6 24. h4 Rf8 25. Qe2 fxg5 26. fxg5 Rc8 27. Bf4 e5 28. Bd5+ Kh8 29. Bxe5+ Nxe5 30. Qxe5+ Nf6 31. gxf6 Bxf6 32. Rxf6 Qxf6 33. Nxc4 Qxe5 34. Nxe5 $18 Kg7 35. Ra7+ 1-0

[Event "Gibraltar Challengers B 2019"]
[Site "Caleta"]
[Date "2019.01.27"]
[Round "2"]
[White "Bryn, Askild"]
[Black "Jordan Martinez, Miguel"]
[Result "0-1"]
[ECO "C11"]
[WhiteElo "2010"]
[BlackElo "2142"]
[Annotator "ChessBase"]
[PlyCount "121"]
[EventDate "2019.01.18"]
[EventType "swiss"]
[EventCountry "GGB"]
[SourceTitle "playchess.com"]
[Source "ChessBase"]
[SourceQuality "1"]
[TimeControl "6600+10"]

1. e4 e6 2. d4 d5 3. Nc3 Nf6 4. e5 Nfd7 5. f4 c5 6. Nf3 Nc6 7. Ne2 Be7 8. c3 O-O 9. h4 f6 10. g3 cxd4 11. cxd4 fxe5 12. Bh3 e4 13. Bxe6+ Kh8 14. Ng5 Bb4+ 15. Kf1 Nf6 16. a3 Bd6 17. Kg2 Qe7 18. f5 Nd8 19. Bxc8 Rxc8 20. Nf4 Qc7 21. Kh3 Bxf4 22. Bxf4 Qd7 23. Kg2 Qxf5 24. Rf1 Ng4 25. Qb3 Qd7 26. Rac1 Ne6 27. Nxe6 Qxe6 28. Rxc8 Rxc8 29. Qxb7 Rc2+ 30. Kg1 h6 31. Be5 Nxe5 32. Qb8+ Kh7 33. Qxe5 Qxe5 34. dxe5 d4 35. e6 Rc6 36. Rf7 Rxe6 37. Rxa7 d3 38. Rd7 Rf6 39. Kg2 Rc6 40. Rd4 Rc2+ 41. Kf1 Re2 42. b4 Kg6 43. b5 Kf5 44. b6 Rb2 45. Rb4 Rh2 46. b7 d2 47. Rd4 e3 48. Kg1 Rh1+ 49. Kxh1 e2 50. b8=Q e1=Q+ 51. Kg2 Qe2+ 52. Kg1 Qe3+ 53. Kf1 Qxd4 54. Qb5+ Kg4 55. Qe2+ Kxg3 56. Qg2+ Kxh4 57. Qh2+ Kg5 58. Qg3+ Kf5 59. Qh3+ Kg6 60. Qg2+ Kh7 61. a4 0-1